 Seeded DCSS version 0.29.1-13-g9f3cf754e1 (webtiles) character file.

Game seed: 9845822215292249863 (custom seed)

8477 tkbsonic5 the Spear-Bearer (level 11, -7/87 HPs)
             Began as a Mummy Wanderer on Jan 24, 2023.
             Mangled by a seven-headed hydra (11 damage)
             ... on level 11 of the Dungeon on Jan 26, 2023.
             The game lasted 00:39:21 (8772 turns).

tkbsonic5 the Spear-Bearer (Mummy Wanderer)         Turns: 8772, Time: 00:39:22

Health: -7/87      AC: 25    Str: 21    XL:     11   Next: 10%
Magic:  0/14       EV:  8    Int: 15    God:
Gold:   431        SH:  0    Dex: 10    Spells: 14/14 levels left

rFire   x . .      SeeInvis .   j - +8 bardiche of the Sheltering Sybil {vorpal, Int+3, Laser Bardiche}
rCold   + . .      Faith    .   (shield currently unavailable)
rNeg    + + +      Spirit   +   k - +3 crystal plate armour {Egyptian Guard Armor}
rPois   ∞          Reflect  .   (no helmet)
rElec   .          Harm     .   (no cloak)
rCorr   .          Rampage  .   m - +0 pair of gloves
Will    ++...                   p - +2 pair of boots
Stlth   ..........              s - amulet of guardian spirit
HPRegen 0.24/turn               l - ring of willpower
MPRegen 0.14/turn               c - +4 ring of evasion

@: no status effects
A: cold resistance 1, negative energy resistance 3, torment resistance 2, heat
vulnerability 1, in touch with death 1, no potions
a: no special abilities


You were on level 11 of the Dungeon.
You visited 1 branch of the dungeon, and saw 10 of its levels.

You collected 431 gold pieces.

Inventory:

Hand Weapons
 a - a +2 spear
 e - a +5 halberd of pain
 j - the +8 bardiche of the Sheltering Sybil (weapon) {vorpal, Int+3, Laser Bardiche}
   (You acquired it on level 1 of the Dungeon)

   It inflicts extra damage upon your enemies.
   Int:       It affects your intelligence (+3).
 r - a +0 sling
 u - a +6 quick blade
 w - a +5 dagger of venom
Missiles
 t - 42 poisoned darts
 A - a javelin (quivered)
Armour
 d - a +0 leather armour
 f - a +0 troll leather armour
 k - a +3 crystal plate armour (worn) {Egyptian Guard Armor}
 m - a +0 pair of gloves (worn)
 p - a +2 pair of boots (worn)
Magical Staves
 i - a staff of conjuration
Jewellery
 c - a +4 ring of evasion (right hand)
 g - an amulet of faith
 h - an amulet of the acrobat
 l - a ring of willpower (left hand)
 q - an amulet of magic regeneration
 s - an amulet of guardian spirit (around neck)
 C - a ring of fire
Wands
 b - a wand of polymorph (16)
Scrolls
 n - a scroll of noise
 o - a scroll of poison
 x - 3 scrolls of amnesia
 z - a scroll of magic mapping
 B - 4 scrolls of identify


   Skills:
 + Level 8.8 Fighting
 * Level 9.1 Polearms
 - Level 2.8 Throwing
 * Level 6.4 Armour
 * Level 5.2 Dodging
 - Level 2.2 Spellcasting
 - Level 1.8 Earth Magic
 - Level 2.5 Evocations


You had 14 spell levels left.
You didn't know any spells.
Your spell library contained the following spells:

 Spells                   Type           Power      Damage    Failure   Level
 Magic Dart               Conj           4%         1d3       100%        1
 Sandblast                Erth           14%        2d6       100%        1
 Call Imp                 Summ           1%         N/A       100%        2
 Poisonous Vapours        Pois/Air       2%         N/A       100%        2
 Scorch                   Fire           2%         2d5       100%        2
 Gell's Gravitas          Tloc           1%         N/A       100%        3
 Lesser Beckoning         Tloc           1%         N/A       100%        3
 Mephitic Cloud           Conj/Pois/Air  1%         N/A       100%        3
 Stone Arrow              Conj/Erth      8%         3d7       100%        3
 Teleport Other           Tloc           1%         N/A       100%        3
 Corpse Rot               Necr/Pois/Air  2%         N/A       100%        4
 Flame Wave               Conj/Fire      1%         2d4       100%        4
 Summon Forest            Summ/Tloc      0%         N/A       100%        5
 Summon Mana Viper        Hex/Summ       1%         N/A       100%        5
 Summon Cactus Giant      Summ           0%         N/A       100%        6


Dungeon Overview and Level Annotations

Branches:
Dungeon (11/15)              Lair (0/5) D:10            Orc (0/2) D:10
 Temple: D:4-7

Altars:
Dithmenos
Fedhas
Gozag
Vehumet
Wu Jian

Shops:
D:10 [

Annotations:
D:7 3 runed translucent doors, TheSexyCheese's ghost, novice GrFi


Innate Abilities, Weirdness & Mutations

You are immune to poison.
Your flesh is cold resistant. (rC+)
You are immune to negative energy. (rN+++)
You are immune to unholy pain and torment.
You are vulnerable to heat. (rF-)
You are in touch with the powers of death.
You do not drink.


Message History

The five-headed hydra bites you but does no damage. x3
You barely miss the five-headed hydra.
The five-headed hydra is moderately wounded.
The five-headed hydra bites you but does no damage. x4
The five-headed hydra barely misses you.
You hit the five-headed hydra.
The five-headed hydra is moderately wounded.
You can't drink.
You feel clever.
j - the +8 bardiche of the Sheltering Sybil (weapon)
{vorpal, Int+3, Laser Bardiche} The five-headed hydra bites you but does no damage. x5
You lop one of the five-headed hydra's heads off!
The four-headed hydra grows two more!
You slash the six-headed hydra!
The six-headed hydra is heavily wounded.
The six-headed hydra bites you but does no damage. x2
The six-headed hydra bites you.
The six-headed hydra bites you but does no damage.
The six-headed hydra bites you!
The six-headed hydra bites you but does no damage.
You hit the six-headed hydra but do no damage.
The six-headed hydra is heavily wounded.
The six-headed hydra closely misses you.
The six-headed hydra bites you.
* * * LOW HITPOINT WARNING * * *
The six-headed hydra bites you but does no damage. x5
The six-headed hydra bites you!
* * * LOW HITPOINT WARNING * * *
The six-headed hydra bites you.
* * * LOW HITPOINT WARNING * * *
The six-headed hydra bites you.
* * * LOW HITPOINT WARNING * * *
The six-headed hydra bites you but does no damage. x2
You lop one of the six-headed hydra's heads off!
The five-headed hydra grows two more!
You slash the seven-headed hydra!
The seven-headed hydra is heavily wounded.
The seven-headed hydra bites you!
* * * LOW HITPOINT WARNING * * *
The seven-headed hydra closely misses you.
The seven-headed hydra bites you!
You die...

...)...(.......
................
.................
..................
........?.............
.....}................#
...)...D..............#
.......@..............#
......................#
......................#
......................#
......................#
######................#
..............(....#
)..............!...#
######..............#


You could see a seven-headed hydra.

Vanquished Creatures
  A boulder beetle (D:9)
  A skeletal warrior (D:10)
  A cyclops (D:11)
  An unseen horror (D:11)
  A troll (D:9)
  Grinder (D:6)
  18 yaks
  3 steam dragons (D:8)
  4 wargs
  A water moccasin (D:7)
  3 orc warriors
  2 ogres (D:6)
  A sky beast (D:7)
  A centaur (D:7)
  2 bullfrogs (D:8)
  8 kobold brigands
  A scorpion (D:6)
  7 wights
  6 howler monkeys
  2 jellies
  2 hounds
  6 orc priests
  A gnoll bouda (D:8)
  Natasha (twice) (D:3)
  9 orc wizards
  4 adders
  6 gnolls
  A shadow imp (D:7)
  A worm (D:2)
  2 dart slugs (D:1)
  34 orcs
  6 endoplasms
  3 giant cockroaches
  2 goblins (D:1)
  4 hobgoblins
  4 quokkas
  5 ball pythons
  9 bats
  4 frilled lizards
  46 kobolds
  5 rats
221 creatures vanquished.

Vanquished Creatures (others)
  3 plants
3 creatures vanquished.

Grand Total: 224 creatures vanquished

Notes
Turn   | Place    | Note
-------+----------+-------------------------------------------
     0 | D:1      | tkbsonic5 the Mummy Wanderer began the quest for the Orb.
     0 | D:1      | tkbsonic5 set off with the following items: a +2 spear, a
                  | wand of polymorph (6), a scroll of fear, a +0 leather
                  | armour; and the following spell memorised: Sandblast; and
                  | the following spells available to memorise: Stone Arrow.
     0 | D:1      | Reached XP level 1. HP: 13/13 MP: 2/2
    42 | D:1      | Reached XP level 2. HP: 20/20 MP: 0/5
   257 | D:1      | Reached skill level 1 in Fighting
   278 | D:1      | Identified a scroll of acquirement
   279 | D:1      | Acquired a +4 halberd of pain
   604 | D:1      | Gained mutation: You are in touch with the powers of death.
                  | [Mummy growth]
   604 | D:1      | Reached XP level 3. HP: 26/26 MP: 6/6
   749 | D:1      | Acquired a +1 crystal plate armour
   761 | D:1      | Acquired the +8 bardiche of the Sheltering Sybil {vorpal,
                  | Int+3}
   978 | D:2      | Found a faded altar of an unknown god.
  1241 | D:2      | Reached XP level 4. HP: 33/33 MP: 7/7
  1693 | D:3      | Noticed a warg
  1693 | D:3      | an iguana changed into a warg
  1882 | D:3      | Killed a warg
  1883 | D:3      | Reached skill level 4 in Polearms
  1883 | D:3      | Reached skill level 1 in Armour
  1883 | D:3      | Reached XP level 5. HP: 39/39 MP: 8/8
  2326 | D:3      | Noticed Natasha
  2333 | D:3      | Killed Natasha
  2369 | D:3      | Found the +4 robe of Augmentation {Str+4 Int+4 Dex+4}
  2551 | D:3      | Noticed Natasha
  2555 | D:3      | Killed Natasha
  2556 | D:3      | Reached XP level 6. HP: 46/46 MP: 9/9
  2791 | D:4      | You fall into a shaft and drop 2 floors!
  2858 | D:6      | Reached skill level 5 in Polearms
  2885 | D:6      | Reached XP level 7. HP: 34/53 MP: 10/10
  3205 | D:6      | Acquired a +5 quick blade
  3495 | D:6      | Noticed Grinder
  3508 | D:6      | Killed Grinder
  3509 | D:6      | Reached skill level 1 in Throwing
  3724 | D:7      | Reached XP level 8. HP: 61/61 MP: 11/11
  3954 | D:7      | Reached skill level 5 in Fighting
  3972 | D:6      | Reached skill level 6 in Polearms
  4713 | D:7      | Found a runed translucent gate.
  4717 | D:7      | Found a runed translucent gate.
  4718 | D:7      | Found a runed translucent gate.
  4719 | D:7      | Found an opulent altar of Gozag.
  4719 | D:7      | Noticed TheSexyCheese's ghost (novice GrFi)
  5106 | D:8      | Reached skill level 1 in Dodging
  5134 | D:8      | Reached XP level 9. HP: 70/70 MP: 12/12
  5249 | D:8      | Reached skill level 7 in Polearms
  5292 | D:8      | Found a shadowy altar of Dithmenos.
  5292 | D:8      | Found an ornate altar of the Wu Jian Council.
  5299 | D:8      | Found a blossoming altar of Fedhas.
  5897 | D:9      | Noticed a boulder beetle
  6200 | D:9      | Killed a boulder beetle
  6343 | D:9      | Noticed a troll
  6357 | D:9      | Killed a troll
  6358 | D:9      | Reached XP level 10. HP: 41/80 MP: 5/13
  6690 | D:9      | Reached skill level 8 in Polearms
  6879 | D:9      | Reached skill level 5 in Armour
  7311 | D:10     | Entered Level 10 of the Dungeon
  7541 | D:10     | Found a staircase to the Lair.
  7912 | D:10     | Found Wacaff's Armour Shop.
  7930 | D:10     | Found a staircase to the Orcish Mines.
  8276 | D:10     | Found a radiant altar of Vehumet.
  8317 | D:11     | Noticed a skeletal warrior
  8317 | D:11     | Noticed a skeletal warrior
  8317 | D:11     | Noticed a skeletal warrior
  8339 | D:10     | Killed a skeletal warrior
  8340 | D:10     | Reached skill level 9 in Polearms
  8340 | D:10     | Reached skill level 5 in Dodging
  8340 | D:10     | Reached XP level 11. HP: 29/87 MP: 6/14
  8752 | D:11     | Noticed a five-headed hydra
  8772 | D:11     | HP: 4/87 [seven-headed hydra (10)]
  8772 | D:11     | Mangled by a seven-headed hydra

Illustrated notes

Levels and vault maps discovered:
D:1:      giann_bridges, layout_basic
D:2:      layout_loops_cross, ebering_ecumenical_altar_hall
D:3:      layout_basic, uniq_natasha
D:4:      layout_loops_ring, lemuel_temple_firewalk_a, uniq_pikel,
          uniq_eustachio, uniq_menkaure
D:6:      layout_basic, serial_bayou_crossing, uniq_grinder
D:7:      layout_cave_pools, ebering_ghost_gozag, grunt_ministairs_3
D:8:      layout_basic, minitemple
D:9:      layout_long_grid
D:10:     layout_loops_cross, mainiacjoe_overflow_brackets,
          erik_lair_orcish_takeover, orc_david_3
D:11:     layout_long_grid, serial_glass, glass_columns_b, glass_columns_a,
          glass_columns_b, glass_columns_b, glass_columns_a, glass_columns_b,
          glass_columns_c, glass_columns_a, gammafunk_ghost_smash,
          chequers_guarded_unrand_ignorance

Skill      XL: |  1  2  3  4  5  6  7  8  9 10 |
---------------+-------------------------------+-----
Spellcasting   | 2 |  2.2
Fighting       | 1 2 3 4 6 8 |  8.8
Polearms       | 4 5 6 7 9 |  9.1
Armour         | 1 2 3 4 6 |  6.4
Throwing       | 1 2 |  2.8
Dodging        | 1 3 5 |  5.2
Earth Magic    | |  1.8
Evocations     | |  2.5

Action                   |  1- 3 |  4- 6 |  7- 9 | 10-12 || total
-------------------------+-------+-------+-------+-------++-------
Melee: Spear             |    11 |       |       |       ||    11
       Halberd           |    17 |       |       |       ||    17
       Bardiche          |    22 |    95 |   185 |   157 ||   459
       Quick blade       |       |       |       |    11 ||    11
Throw: Dart              |     1 |    10 |    19 |    17 ||    47
       Boomerang         |       |       |    33 |       ||    33
       Javelin           |       |       |       |     3 ||     3
 Cast: Sandblast         |    10 |       |       |       ||    10
Evoke: Wand              |       |     1 |     4 |       ||     5
  Use: Scroll            |     5 |     6 |    14 |     3 ||    28
Armor: Leather armour    |     9 |       |       |       ||     9
       Crystal plate arm |    14 |   100 |   200 |   157 ||   471
Dodge: Dodged            |    15 |    13 |    64 |    96 ||   188
